 Dungeon Crawl Stone Soup version 0.31-a0-640-g39d97e502b (webtiles) character file.

Game seed: 5869121299750545413

40477 qw the Marksgargoyle (level 14, -3/94 HPs)
             Began as a Gargoyle Hunter on Aug 27, 2023.
             Was a High Priest of Okawaru.
             Slain by a blink frog (13 damage)
             ... on level 4 of the Lair of Beasts.
             The game lasted 00:07:38 (13040 turns).

qw the Marksgargoyle (Gargoyle Hunter)             Turns: 13040, Time: 00:07:39

Health: -3/94      AC: 21    Str: 16    XL:     14   Next: 11%
Magic:  20/21      EV: 23    Int: 10    God:    Okawaru [*****.]
Gold:   1214       SH:  5    Dex: 28    Spells: 13/13 levels left

rFire   . . .        Y - +0 orcbow (elec)
rCold   + + +        (shield currently unavailable)
rNeg    + . .        p - +1 ring mail "Tyidgh" {Contam rElec rC+ Dex+5}
rPois   inf          i - +0 helmet
rElec   +            (no cloak)
rCorr   .            e - +0 pair of gloves
SInv    .            (no boots)
Will    +....        b - amulet of reflection
Stlth   +++          r - ring "Rassas" {*Slow rPois rC+++ Slay+4}
HPRegen 0.35/turn    s - +6 ring of dexterity
MPRegen 0.17/turn

%: slow self (1%), reflection
@: heroic, flying
A: sickness immunity, AC +10, big wings, negative energy resistance 1,
electricity resistance, torment resistance 1, petrification resistance
a: Renounce Religion, Heroism, Finesse, Duel


You were on level 4 of the Lair of Beasts.
You worshipped Okawaru.
Okawaru was extremely pleased with you.
You visited 3 branches of the dungeon, and saw 15 of its levels.

You collected 1214 gold pieces.


Innate Abilities, Weirdness & Mutations

You are immune to sickness and miasma.
Your stone body is resilient. (AC +10)
You are immune to poison.
Your large and strong wings let you fly.
You resist negative energy. (rN+)
You are resistant to electric shocks. (rElec)
You are resistant to unholy torment.
You are immune to petrification.


   Skills:
 - Level 13.0(18.0) Fighting
 - Level 16.0(21.0) Ranged Weapons
 - Level 6.2(11.2) Armour
 + Level 8.2(13.2) Dodging
 - Level 1.1(6.1) Stealth
 - Level 10.0 Invocations


You had 13 spell levels left.
You didn't know any spells.
Your spell library was empty.

Inventory:

Hand Weapons
 Y - a +0 orcbow of electrocution (weapon)
Armour
 e - a +0 pair of gloves (worn)
 i - a +0 helmet (worn)
 p - the +1 ring mail "Tyidgh" (worn) {Contam rElec rC+ Dex+5}
   (You found it on level 6 of the Dungeon)

   Dex+5:     It affects your dexterity (+5).
   rC+:       It protects you from cold.
   rElec:     It insulates you from electricity.
   Contam:    It causes magical contamination when unequipped.
Jewellery
 b - an amulet of reflection (around neck)
 c - the amulet "Pabec" {RegenMP rElec rF+}
   (You found it on level 1 of the Lair of Beasts)

   [amulet of magic regeneration]

   RegenMP:   It increases your rate of magic regeneration.
   rF+:       It protects you from fire.
   rElec:     It insulates you from electricity.
 f - a ring of fire
 r - the ring "Rassas" (left hand) {*Slow rPois rC+++ Slay+4}
   (You found it on level 10 of the Dungeon)

   [ring of poison resistance]

   Slay+4:    It affects your accuracy & damage with ranged weapons and melee
   (+4).
   rC+++:     It renders you almost immune to cold.
   rPois:     It protects you from poison *Slow: It may slow you when you take
   damage.
 s - a +6 ring of dexterity (right hand)
 t - a +4 ring of protection
Scrolls
 d - 5 scrolls of identify
Potions
 a - 2 potions of mutation
 h - 3 potions of might
 j - 3 potions of haste
 k - 5 potions of enlightenment
 m - 2 potions of resistance
 o - 3 potions of curing
 q - 2 potions of cancellation
 u - a potion of magic

Dungeon Overview and Level Annotations

Branches:
Dungeon (10/15)            Temple (1/1) D:5            Lair (4/5) D:10
 Shoals (0/4) Lair:2       Spider (0/4) Lair:2
  Slime: Lair:4-5       Orc: D:9-12

Altars:
Ashenzari
Cheibriados
Dithmenos
Elyvilon
Fedhas
Gozag
Hepliaklqana
Kikubaaqudgha
Makhleb
Nemelex Xobeh
Okawaru
Qazlal
Ru
Sif Muna
Trog
Uskayaw
Vehumet
Wu Jian
Xom
Yredelemnul
Zin
The Shining One

Annotations:
D:10 exclusions: kobold brigand, orc warrior and yak


Message History

You shoot an arrow. The arrow hits the wolf.
The wolf is moderately wounded.
The wolf bites you but does no damage. The wolf barely misses you.
You shoot an arrow. The arrow hits the wolf!
The wolf is almost dead.
The wolf completely misses you.
You shoot an arrow. The arrow hits the wolf!
You kill the wolf!
Okawaru accepts your kill. You block the blink frog's attack.
You shoot an arrow. The arrow hits the blink frog!!
Lightning courses through the blink frog!
You kill the blink frog!
Okawaru accepts your kill. The blink frog misses you.
You shoot an arrow. The arrow hits the blink frog!
The blink frog is moderately wounded.
The blink frog completely misses you.
You shoot an arrow. The arrow hits the blink frog!
Lightning courses through the blink frog!
The blink frog is almost dead.
You feel like a meek peon again. The blink frog hits you!
The blink frog blinks!
13034 ||| INVOKING Heroism.
You gain the combat prowess of a mighty hero.
The wolf misses you.
You shoot an arrow. The arrow hits the wolf!!
The wolf is almost dead.
You shoot an arrow. The arrow misses the blink frog.
The blink frog hits you!
You shoot an arrow. The arrow misses the blink frog.
The blink frog hits you but does no damage.
You shoot an arrow. The arrow hits the blink frog!
The blink frog is moderately wounded.
The blink frog barely misses you.
You shoot an arrow. The arrow misses the blink frog.
The blink frog hits you but does no damage.
You shoot an arrow. The arrow barely misses the blink frog.
The blink frog hits you!
You die...

.............................
................>............
.#####.....P####.##......##.. ..
#..#.......###. ## . .#.##(.....#
#. ####.## +....# .#.. ##.
#...#.## ....# .# #..
#.>...%#####....# .... ##. ..
#........##@# . #... #.# ..P
#.###......F###. ..#...####
...#####..#....h....... #......##
...........#.#....}....##........
.............##........#$........
..............#.}...}............
.......%.$...#................<..
....ยค.h...........}.....##.......
...................)... ##..###P


You could see a blink frog and a wolf.

Vanquished Creatures
  Fannar (D:10)
  2 hydras
  Erica (D:8)
  2 two-headed ogres (D:9)
  5 death yaks
  A tengu warrior (D:9)
  Nergalle (Lair:1)
  A skyshark (Lair:3)
  Pikel (D:6)
  2 torpor snails (Lair:3)
  4 black mambas
  16 elephants (Lair:4)
  10 cane toads
  A water nymph (Lair:2)
  An unseen horror (D:10)
  3 komodo dragons
  A rime drake (Lair:2)
  A polar bear (Lair:4)
  22 blink frogs
  2 hornets
  Grinder (D:6)
  A shadow (D:9)
  5 wyverns
  A wraith (D:6)
  34 yaks
  5 basilisks
  2 steam dragons (D:8)
  A redback (Lair:2)
  An acid dragon (D:9)
  9 water moccasins
  3 orc warriors
  2 ice beasts (D:8)
  A sky beast (D:7)
  2 black bears (Lair:3)
  3 ogres
  4 boggarts (Lair:3)
  21 wolves
  2 centaurs (D:6)
  2 lemures (D:6)
  17 bullfrogs
  A gnoll sergeant (D:7)
  2 kobold brigands (D:8)
  3 scorpions
  13 wights
  14 killer bees
  4 howler monkeys
  2 hounds
  6 orc priests
  5 jellies
  4 gnoll boudas
  3 iguanas
  9 orc wizards
  A sleepcap (D:6)
  A scorpion zombie (D:4)
  A hound zombie (D:4)
  9 adders
  26 gnolls
  A shadow imp (D:5)
  A white imp (D:5)
  28 orcs
  8 endoplasms
  A giant cockroach (D:3)
  7 goblins
  7 hobgoblins
  4 jackals (D:2)
  7 quokkas
  3 ball pythons
  2 bats
  3 frilled lizards
  11 kobolds
  7 rats
389 creatures vanquished.

Notes
Turn   | Place    | Note
-------+----------+-------------------------------------------
     0 | D:1      | qw the Gargoyle Hunter began the quest for the Orb.
     0 | D:1      | Reached XP level 1. HP: 12/12 MP: 1/1
     0 | D:1      | 0 ||| qw: Version: 0.3-a-74-g0d5e918
     0 | D:1      | 0 ||| qw: Game counter: 182
     0 | D:1      | 0 ||| qw: Melee chars always use a shield: true
     0 | D:1      | 0 ||| qw: God list: Okawaru
     0 | D:1      | 0 ||| qw: Allow faded altars: false
     0 | D:1      | 0 ||| qw: Do Orc after clearing Dungeon:15 true
     0 | D:1      | 0 ||| qw: Do second Lair branch before Depths: true
     0 | D:1      | 0 ||| qw: Lair rune preference: random
     0 | D:1      | 0 ||| qw: Goals: Normal
     0 | D:1      | 0 ||| PLANNING D:1-11
   145 | D:1      | Found a faded altar of an unknown god.
   305 | D:1      | Reached XP level 2. HP: 17/17 MP: 2/2
   528 | D:1      | 528 ||| UPGRADING to +0 pair of gloves.
   533 | D:1      | 533 ||| READING scroll labelled VUALOU UBEKK.
   534 | D:1      | 534 ||| READING scroll labelled TETHRU NOGHITH.
   535 | D:1      | 535 ||| DROPPING scroll of butterflies.
   764 | D:2      | 764 ||| RETREATING.
   768 | D:2      | 768 ||| Stepping ~*~*~tactically~*~*~ (outnumbered).
   770 | D:2      | Reached skill level 5 in Ranged Weapons
   770 | D:2      | Reached XP level 3. HP: 21/21 MP: 3/3
   782 | D:2      | 782 ||| FLEEEEING.
   783 | D:2      | 783 ||| FLEEEEING.
   784 | D:2      | 784 ||| FLEEEEING.
   785 | D:2      | 785 ||| FLEEEEING.
   786 | D:2      | 786 ||| FLEEEEING.
   787 | D:2      | 787 ||| FLEEEEING.
   788 | D:2      | 788 ||| FLEEEEING.
   789 | D:2      | 789 ||| FLEEEEING.
   790 | D:2      | 790 ||| FLEEEEING.
   791 | D:2      | 791 ||| FLEEEEING.
   792 | D:2      | 792 ||| FLEEEEING.
   793 | D:2      | 793 ||| FLEEEEING.
   794 | D:2      | 794 ||| FLEEEEING.
   795 | D:2      | 795 ||| FLEEEEING.
   796 | D:2      | 796 ||| FLEEEEING.
   797 | D:2      | 797 ||| FLEEEEING.
   804 | D:2      | Reached skill level 3 in Fighting
   813 | D:2      | Reached XP level 4. HP: 18/28 MP: 4/4
  1307 | D:2      | 1307 ||| UPGRADING to +0 ring mail.
  1317 | D:2      | 1317 ||| DROPPING +0 leather armour.
  1318 | D:2      | 1318 ||| UPGRADING to +0 helmet.
  1323 | D:2      | 1323 ||| DROPPING amulet of magic regeneration.
  1324 | D:2      | 1324 ||| READING scroll labelled PACAH KAXKEDE.
  1325 | D:2      | 1325 ||| READING 2 scrolls labelled MOILOUS LIAQ.
  1344 | D:2      | 1344 ||| READING 2 scrolls of identify.
  1344 | D:2      | 1344 ||| IDENTIFYING murky cyan potion
  1345 | D:2      | 1345 ||| DROPPING scroll of torment.
  1346 | D:2      | 1346 ||| DROPPING potion of lignification.
  1395 | D:3      | Reached skill level 1 in Armour
  2023 | D:3      | 2023 ||| UPGRADING to amulet of reflection.
  2028 | D:3      | 2028 ||| READING scroll labelled ATIOLO HEYBYP.
  2031 | D:3      | 2031 ||| READING scroll labelled FOVIAL GAENAKEO.
  2032 | D:3      | 2032 ||| READING 2 scrolls of identify.
  2032 | D:3      | 2032 ||| IDENTIFYING dark potion
  2033 | D:3      | 2033 ||| DROPPING potion of degeneration.
  2078 | D:4      | 2078 ||| Stepping ~*~*~tactically~*~*~ (outnumbered).
  2081 | D:4      | Reached XP level 5. HP: 17/32 MP: 5/5
  2170 | D:4      | Reached skill level 6 in Ranged Weapons
  2410 | D:4      | Reached XP level 6. HP: 35/38 MP: 6/6
  2424 | D:4      | Found a basalt altar of Yredelemnul.
  2682 | D:4      | 2682 ||| FLEEEEING.
  2983 | D:4      | 2983 ||| READING scroll labelled AROMUANEHIR.
  2983 | D:4      | Identified a scroll of acquirement
  2983 | D:4      | 2983 ||| ACQUIRING ring of Spontaneous Combustion {rElec
                  | Str+6}
  2983 | D:4      | Acquired the ring of Spontaneous Combustion {rElec Str+6}
  2985 | D:4      | 2985 ||| UPGRADING to ring of Spontaneous Combustion {rElec
                  | Str+6}.
  2986 | D:4      | 2986 ||| READING 2 scrolls labelled UWOOBB AZXUULI.
  2987 | D:4      | 2987 ||| READING scroll labelled UGRIUTHRABON.
  2988 | D:4      | 2988 ||| READING scroll labelled JAISOEMISA.
  2989 | D:4      | 2989 ||| READING 3 scrolls of identify.
  2989 | D:4      | 2989 ||| IDENTIFYING sapphire potion
  2990 | D:4      | 2990 ||| READING 2 scrolls of identify.
  2990 | D:4      | 2990 ||| IDENTIFYING black potion
  3004 | D:5      | Entered Level 5 of the Dungeon
  3010 | D:5      | Reached skill level 7 in Ranged Weapons
  3022 | D:5      | Reached XP level 7. HP: 43/43 MP: 7/7
  3045 | D:5      | Identified the +9 mace of Ashenzari's Generosity {freeze,
                  | rPois rF- Str+8 Stlth-}
  3134 | D:5      | 3134 ||| Stepping ~*~*~tactically~*~*~ (outnumbered).
  3222 | D:5      | Found a sacrificial altar of Ru.
  3233 | D:5      | Reached skill level 8 in Ranged Weapons
  3543 | D:5      | 3543 ||| RETREATING.
  3544 | D:5      | 3544 ||| FLEEEEING.
  3547 | D:5      | 3547 ||| Stepping ~*~*~tactically~*~*~ (retreating).
  3550 | D:5      | 3550 ||| Stepping ~*~*~tactically~*~*~ (retreating).
  3551 | D:5      | 3551 ||| Stepping ~*~*~tactically~*~*~ (retreating).
  3552 | D:5      | 3552 ||| Stepping ~*~*~tactically~*~*~ (retreating).
  3553 | D:5      | 3553 ||| Stepping ~*~*~tactically~*~*~ (retreating).
  3554 | D:5      | 3554 ||| Stepping ~*~*~tactically~*~*~ (retreating).
  3555 | D:5      | 3555 ||| Stepping ~*~*~tactically~*~*~ (retreating).
  3556 | D:5      | 3556 ||| Stepping ~*~*~tactically~*~*~ (retreating).
  3557 | D:5      | 3557 ||| Stepping ~*~*~tactically~*~*~ (retreating).
  3558 | D:5      | 3558 ||| Stepping ~*~*~tactically~*~*~ (retreating).
  3560 | D:5      | 3560 ||| Stepping ~*~*~tactically~*~*~ (retreating).
  3563 | D:5      | HP: 10/44 [gnoll/+0 halberd[a gnoll bouda] (9)]
  3564 | D:5      | 3564 ||| READING scroll of teleportation.
  3565 | D:5      | 3565 ||| DRINKING potion of heal wounds.
  3566 | D:5      | 3566 ||| Stepping ~*~*~tactically~*~*~ (retreating).
  3812 | D:5      | Found a staircase to the Ecumenical Temple.
  3813 | D:5      | 3813 ||| PLANNING TEMPLE
  3813 | D:5      | 3813 ||| READING scroll labelled WES DUTIXUKH.
  3814 | D:5      | 3814 ||| READING 2 scrolls of identify.
  3814 | D:5      | 3814 ||| IDENTIFYING bubbling cyan potion
  3820 | Temple   | Entered the Ecumenical Temple
  3821 | Temple   | 3821 ||| PLANNING OKAWARU WORSHIP
  3826 | Temple   | Became a worshipper of Warmaster Okawaru
  3827 | Temple   | 3827 ||| PLANNING D:1-11
  3911 | D:6      | 3911 ||| RETREATING.
  3913 | D:6      | Reached XP level 8. HP: 49/49 MP: 8/8
  3941 | D:6      | Identified the +1 ring mail "Tyidgh" {Contam rElec rC+
                  | Dex+5}
  4010 | D:6      | Noticed Pikel
  4010 | D:6      | Noticed a wraith
  4011 | D:6      | 4011 ||| RETREATING.
  4013 | D:6      | 4013 ||| Stepping ~*~*~tactically~*~*~ (retreating).
  4024 | D:6      | Killed a wraith
  4025 | D:6      | Reached skill level 9 in Ranged Weapons
  4037 | D:6      | Killed Pikel
  4037 | D:6      | Reached * piety under Okawaru
  4038 | D:6      | 4038 ||| INVOKING Heroism.
  4163 | D:6      | Noticed Grinder
  4164 | D:6      | 4164 ||| Stepping ~*~*~tactically~*~*~ (outnumbered).
  4169 | D:6      | 4169 ||| INVOKING Heroism.
  4174 | D:6      | Killed Grinder
  4175 | D:6      | Reached XP level 9. HP: 57/57 MP: 6/9
  4178 | D:6      | Reached skill level 1 in Invocations
  4204 | D:6      | 4204 ||| SWAPPING to +0 orcbow.
  4205 | D:6      | 4205 ||| DROPPING +0 heavy shortbow.
  4206 | D:6      | 4206 ||| READING scroll of brand weapon.
  4206 | D:6      | 4206 ||| BRANDING +0 orcbow.
  4242 | D:6      | Reached skill level 10 in Ranged Weapons
  4247 | D:6      | 4247 ||| INVOKING Heroism.
  4267 | D:6      | Identified the +0 chain mail "Mooxof" {Will+}
  4281 | D:6      | 4281 ||| INVOKING Heroism.
  4402 | D:6      | 4402 ||| UPGRADING to +1 ring mail "Tyidgh" {Contam rElec
                  | rC+ Dex+5}.
  4412 | D:6      | 4412 ||| DROPPING +0 ring mail.
  4413 | D:6      | 4413 ||| READING scroll labelled GEAQIT FAUWN.
  4414 | D:6      | 4414 ||| DRINKING 2 puce potions.
  4415 | D:6      | 4415 ||| READING 2 scrolls of identify.
  4415 | D:6      | 4415 ||| IDENTIFYING bubbling sapphire potion
  4438 | D:7      | 4438 ||| INVOKING Heroism.
  4441 | D:7      | Reached skill level 3 in Invocations
  4497 | D:7      | 4497 ||| RETREATING.
  4566 | D:7      | 4566 ||| INVOKING Heroism.
  4575 | D:7      | Reached skill level 3 in Dodging
  4578 | D:7      | Reached skill level 3 in Armour
  4638 | D:7      | Reached ** piety under Okawaru
  4773 | D:7      | Reached skill level 11 in Ranged Weapons
  4778 | D:7      | Reached XP level 10. HP: 57/63 MP: 13/13
  5093 | D:7      | 5093 ||| RETREATING.
  5102 | D:7      | 5102 ||| Stepping ~*~*~tactically~*~*~ (outnumbered).
  5106 | D:7      | 5106 ||| RETREATING.
  5108 | D:7      | 5108 ||| Stepping ~*~*~tactically~*~*~ (retreating).
  5112 | D:7      | 5112 ||| Stepping ~*~*~tactically~*~*~ (retreating).
  5113 | D:7      | 5113 ||| Stepping ~*~*~tactically~*~*~ (retreating).
  5114 | D:7      | 5114 ||| Stepping ~*~*~tactically~*~*~ (retreating).
  5116 | D:7      | 5116 ||| Stepping ~*~*~tactically~*~*~ (retreating).
  5117 | D:7      | 5117 ||| Stepping ~*~*~tactically~*~*~ (retreating).
  5118 | D:7      | 5118 ||| Stepping ~*~*~tactically~*~*~ (retreating).
  5119 | D:7      | 5119 ||| Stepping ~*~*~tactically~*~*~ (retreating).
  5122 | D:7      | 5122 ||| INVOKING Heroism.
  5249 | D:7      | 5249 ||| RETREATING.
  5301 | D:7      | 5301 ||| Stepping ~*~*~tactically~*~*~ (outnumbered).
  5302 | D:7      | Reached *** piety under Okawaru
  5369 | D:7      | 5369 ||| INVOKING Heroism.
  5601 | D:7      | 5601 ||| DRINKING 3 brown potions.
  5639 | D:8      | 5639 ||| Stepping ~*~*~tactically~*~*~ (outnumbered).
  5641 | D:8      | 5641 ||| Stepping ~*~*~tactically~*~*~ (outnumbered).
  5642 | D:8      | 5642 ||| INVOKING Heroism.
  5711 | D:8      | Identified the +2 robe of Nuhifepp {Str+4}
  5753 | D:8      | Noticed Erica
  5754 | D:8      | 5754 ||| INVOKING Heroism.
  5757 | D:8      | 5757 ||| RETREATING.
  5767 | D:8      | 5767 ||| Stepping ~*~*~tactically~*~*~ (retreating).
  5771 | D:8      | Reached skill level 12 in Ranged Weapons
  5776 | D:8      | Killed Erica
  6003 | D:8      | 6003 ||| INVOKING Heroism.
  6004 | D:8      | 6004 ||| Stepping ~*~*~tactically~*~*~ (cloud).
  6008 | D:8      | 6008 ||| Stepping ~*~*~tactically~*~*~ (cloud).
  6009 | D:8      | 6009 ||| Stepping ~*~*~tactically~*~*~ (cloud).
  6011 | D:8      | 6011 ||| Stepping ~*~*~tactically~*~*~ (cloud).
  6146 | D:8      | Reached skill level 13 in Ranged Weapons
  6242 | D:8      | 6242 ||| INVOKING Heroism.
  6282 | D:8      | 6282 ||| Stepping ~*~*~tactically~*~*~ (retreating).
  6288 | D:8      | 6288 ||| INVOKING Heroism.
  6304 | D:8      | 6304 ||| Stepping ~*~*~tactically~*~*~ (cloud).
  6438 | D:8      | 6438 ||| INVOKING Heroism.
  6439 | D:8      | 6439 ||| RETREATING.
  6454 | D:8      | Reached skill level 9 in Fighting
  6454 | D:8      | Reached XP level 11. HP: 64/71 MP: 12/14
  6525 | D:8      | 6525 ||| INVOKING Heroism.
  6733 | D:8      | 6733 ||| DROPPING ring of magical power.
  6734 | D:8      | 6734 ||| READING 2 scrolls of identify.
  6734 | D:8      | 6734 ||| IDENTIFYING cyan potion
  6816 | D:9      | 6816 ||| RETREATING.
  6826 | D:9      | 6826 ||| Stepping ~*~*~tactically~*~*~ (retreating).
  6843 | D:9      | Noticed a two-headed ogre
  6844 | D:9      | 6844 ||| INVOKING Heroism.
  6855 | D:9      | Killed a two-headed ogre
  6875 | D:9      | 6875 ||| FLEEEEING.
  6876 | D:9      | 6876 ||| FLEEEEING.
  6877 | D:9      | 6877 ||| FLEEEEING.
  6878 | D:9      | 6878 ||| STAIRDANCE
  6973 | D:9      | 6973 ||| STAIRDANCE
  6979 | D:9      | 6979 ||| STAIRDANCE
  6984 | D:9      | 6984 ||| STAIRDANCE
  6994 | D:9      | 6994 ||| STAIRDANCE
  7005 | D:9      | 7005 ||| STAIRDANCE
  7084 | D:9      | 7084 ||| INVOKING Heroism.
  7222 | D:9      | Found a flagged portal.
  7275 | D:9      | 7275 ||| Stepping ~*~*~tactically~*~*~ (retreating).
  7429 | D:9      | Found an ornate altar of the Wu Jian Council.
  7489 | D:9      | Noticed a two-headed ogre
  7490 | D:9      | 7490 ||| INVOKING Heroism.
  7494 | D:9      | 7494 ||| Stepping ~*~*~tactically~*~*~ (retreating).
  7496 | D:9      | Killed a two-headed ogre
  7496 | D:9      | Reached **** piety under Okawaru
  7497 | D:9      | Reached skill level 14 in Ranged Weapons
  7736 | D:9      | 7736 ||| INVOKING Heroism.
  7786 | D:9      | Found a snail-covered altar of Cheibriados.
  7879 | D:9      | Noticed a tengu warrior
  7899 | D:9      | Killed a tengu warrior
  7980 | D:9      | Found a bloodstained altar of Trog.
  7983 | D:9      | 7983 ||| UPGRADING to +6 ring of dexterity.
  7984 | D:9      | 7984 ||| READING scroll labelled KOSTENN FAQEA.
  8085 | D:9      | 8085 ||| READING 4 scrolls of identify.
  8085 | D:9      | 8085 ||| IDENTIFYING purple potion
  8086 | D:9      | 8086 ||| READING 3 scrolls of identify.
  8086 | D:9      | 8086 ||| IDENTIFYING fizzy dark potion
  8087 | D:9      | 8087 ||| DROPPING potion of brilliance.
  8098 | D:10     | Entered Level 10 of the Dungeon
  8102 | D:10     | 8102 ||| Stepping ~*~*~tactically~*~*~ (retreating).
  8103 | D:10     | 8103 ||| RETREATING.
  8104 | D:10     | 8104 ||| Stepping ~*~*~tactically~*~*~ (retreating).
  8105 | D:10     | 8105 ||| Stepping ~*~*~tactically~*~*~ (retreating).
  8106 | D:10     | 8106 ||| Stepping ~*~*~tactically~*~*~ (retreating).
  8107 | D:10     | 8107 ||| Stepping ~*~*~tactically~*~*~ (retreating).
  8108 | D:10     | 8108 ||| Stepping ~*~*~tactically~*~*~ (retreating).
  8109 | D:10     | 8109 ||| Stepping ~*~*~tactically~*~*~ (retreating).
  8123 | D:10     | 8123 ||| INVOKING Heroism.
  8140 | D:10     | Noticed Fannar
  8165 | D:10     | 8165 ||| INVOKING Heroism.
  8177 | D:10     | Killed Fannar
  8378 | D:10     | Found a staircase to the Lair.
  8400 | D:10     | 8400 ||| UPGRADING to +4 ring of protection.
  8436 | D:10     | 8436 ||| RETREATING.
  8442 | D:10     | Reached skill level 6 in Dodging
  8442 | D:10     | Reached XP level 12. HP: 75/77 MP: 16/16
  8458 | D:10     | Reached skill level 6 in Invocations
  8598 | D:10     | 8598 ||| DROPPING ring of Spontaneous Combustion {rElec
                  | Str+6}.
  8680 | D:10     | Identified the ring "Rassas" {*Slow rPois rC+++ Slay+4}
  8820 | D:10     | Identified the +2 leather armour of Faus {Dex+4}
  8868 | D:10     | 8868 ||| PLANNING LAIR
  8868 | D:10     | 8868 ||| DROPPING +2 leather armour of Faus {Dex+4}.
  8869 | D:10     | 8869 ||| UPGRADING to ring "Rassas" {*Slow rPois rC+++
                  | Slay+4}.
  8871 | D:10     | 8871 ||| READING scroll labelled WIF DYUDDOYL.
  8890 | Lair:1   | Entered Level 1 of the Lair of Beasts
  8926 | Lair:1   | Identified the amulet "Pabec" {RegenMP rElec rF+}
  9038 | Lair:1   | Noticed Nergalle
  9039 | Lair:1   | 9039 ||| INVOKING Heroism.
  9049 | Lair:1   | 9049 ||| Stepping ~*~*~tactically~*~*~ (retreating).
  9050 | Lair:1   | 9050 ||| Stepping ~*~*~tactically~*~*~ (retreating).
  9051 | Lair:1   | 9051 ||| Stepping ~*~*~tactically~*~*~ (retreating).
  9052 | Lair:1   | 9052 ||| Stepping ~*~*~tactically~*~*~ (retreating).
  9053 | Lair:1   | 9053 ||| Stepping ~*~*~tactically~*~*~ (retreating).
  9056 | Lair:1   | 9056 ||| Stepping ~*~*~tactically~*~*~ (retreating).
  9057 | Lair:1   | 9057 ||| Stepping ~*~*~tactically~*~*~ (retreating).
  9058 | Lair:1   | 9058 ||| Stepping ~*~*~tactically~*~*~ (retreating).
  9059 | Lair:1   | 9059 ||| Stepping ~*~*~tactically~*~*~ (retreating).
  9067 | Lair:1   | 9067 ||| INVOKING Heroism.
  9068 | Lair:1   | Killed Nergalle
  9268 | Lair:1   | 9268 ||| INVOKING Heroism.
  9288 | Lair:1   | 9288 ||| INVOKING Heroism.
  9750 | Lair:2   | 9750 ||| INVOKING Heroism.
  9783 | Lair:2   | 9783 ||| RETREATING.
  9784 | Lair:2   | 9784 ||| RETREATING.
  9785 | Lair:2   | 9785 ||| INVOKING Heroism.
  9789 | Lair:2   | 9789 ||| Stepping ~*~*~tactically~*~*~ (retreating).
  9790 | Lair:2   | 9790 ||| Stepping ~*~*~tactically~*~*~ (retreating).
  9791 | Lair:2   | 9791 ||| Stepping ~*~*~tactically~*~*~ (retreating).
  9889 | Lair:2   | 9889 ||| INVOKING Heroism.
 10012 | Lair:2   | 10012 ||| INVOKING Heroism.
 10016 | Lair:2   | Reached skill level 15 in Ranged Weapons
 10126 | Lair:2   | 10126 ||| INVOKING Heroism.
 10154 | Lair:2   | Reached skill level 9 in Invocations
 10176 | Lair:2   | 10176 ||| READING scroll of brand weapon.
 10176 | Lair:2   | 10176 ||| BRANDING +0 orcbow of flaming.
 10283 | Lair:2   | Found a hole to the Spider Nest.
 10311 | Lair:2   | You fall into a shaft and drop 2 floors!
 10344 | Lair:4   | 10344 ||| RETREATING.
 10358 | Lair:4   | 10358 ||| Stepping ~*~*~tactically~*~*~ (retreating).
 10359 | Lair:4   | 10359 ||| Stepping ~*~*~tactically~*~*~ (retreating).
 10370 | Lair:4   | 10370 ||| Stepping ~*~*~tactically~*~*~ (retreating).
 10371 | Lair:4   | 10371 ||| Stepping ~*~*~tactically~*~*~ (retreating).
 10372 | Lair:4   | 10372 ||| Stepping ~*~*~tactically~*~*~ (retreating).
 10373 | Lair:4   | 10373 ||| Stepping ~*~*~tactically~*~*~ (retreating).
 10374 | Lair:4   | 10374 ||| Stepping ~*~*~tactically~*~*~ (retreating).
 10375 | Lair:4   | 10375 ||| Stepping ~*~*~tactically~*~*~ (retreating).
 10378 | Lair:4   | 10378 ||| INVOKING Heroism.
 10379 | Lair:4   | 10379 ||| Stepping ~*~*~tactically~*~*~ (retreating).
 10380 | Lair:4   | 10380 ||| Stepping ~*~*~tactically~*~*~ (retreating).
 10381 | Lair:4   | 10381 ||| Stepping ~*~*~tactically~*~*~ (retreating).
 10382 | Lair:4   | 10382 ||| Stepping ~*~*~tactically~*~*~ (retreating).
 10384 | Lair:4   | 10384 ||| Stepping ~*~*~tactically~*~*~ (retreating).
 10386 | Lair:4   | 10386 ||| Stepping ~*~*~tactically~*~*~ (retreating).
 10387 | Lair:4   | 10387 ||| Stepping ~*~*~tactically~*~*~ (retreating).
 10395 | Lair:4   | 10395 ||| Stepping ~*~*~tactically~*~*~ (retreating).
 10396 | Lair:4   | 10396 ||| Stepping ~*~*~tactically~*~*~ (retreating).
 10397 | Lair:4   | 10397 ||| Stepping ~*~*~tactically~*~*~ (retreating).
 10398 | Lair:4   | 10398 ||| Stepping ~*~*~tactically~*~*~ (retreating).
 10399 | Lair:4   | 10399 ||| Stepping ~*~*~tactically~*~*~ (retreating).
 10404 | Lair:4   | 10404 ||| Stepping ~*~*~tactically~*~*~ (retreating).
 10405 | Lair:4   | 10405 ||| Stepping ~*~*~tactically~*~*~ (retreating).
 10406 | Lair:4   | 10406 ||| Stepping ~*~*~tactically~*~*~ (retreating).
 10407 | Lair:4   | 10407 ||| Stepping ~*~*~tactically~*~*~ (retreating).
 10408 | Lair:4   | 10408 ||| Stepping ~*~*~tactically~*~*~ (retreating).
 10409 | Lair:4   | 10409 ||| Stepping ~*~*~tactically~*~*~ (retreating).
 10410 | Lair:4   | 10410 ||| Stepping ~*~*~tactically~*~*~ (retreating).
 10413 | Lair:4   | 10413 ||| Stepping ~*~*~tactically~*~*~ (retreating).
 10420 | Lair:4   | Reached ***** piety under Okawaru
 10428 | Lair:4   | Reached XP level 13. HP: 26/82 MP: 20/20
 10494 | Lair:4   | 10494 ||| INVOKING Heroism.
 10674 | Lair:4   | 10674 ||| READING scroll labelled UWELERHUSY.
 10675 | Lair:4   | 10675 ||| READING 5 scrolls of identify.
 10675 | Lair:4   | 10675 ||| IDENTIFYING bubbling coppery potion
 10679 | Lair:4   | 10679 ||| INVOKING Heroism.
 10770 | Lair:3   | Reached skill level 16 in Ranged Weapons
 10820 | Lair:2   | 10820 ||| INVOKING Heroism.
 11103 | Lair:3   | 11103 ||| INVOKING Heroism.
 11104 | Lair:3   | 11104 ||| INVOKING Finesse.
 11119 | Lair:3   | 11119 ||| Stepping ~*~*~tactically~*~*~ (retreating).
 11120 | Lair:3   | 11120 ||| RETREATING.
 11121 | Lair:3   | 11121 ||| Stepping ~*~*~tactically~*~*~ (retreating).
 11122 | Lair:3   | 11122 ||| Stepping ~*~*~tactically~*~*~ (retreating).
 11123 | Lair:3   | 11123 ||| Stepping ~*~*~tactically~*~*~ (retreating).
 11124 | Lair:3   | 11124 ||| Stepping ~*~*~tactically~*~*~ (retreating).
 11125 | Lair:3   | 11125 ||| Stepping ~*~*~tactically~*~*~ (retreating).
 11126 | Lair:3   | 11126 ||| Stepping ~*~*~tactically~*~*~ (retreating).
 11127 | Lair:3   | 11127 ||| Stepping ~*~*~tactically~*~*~ (retreating).
 11128 | Lair:3   | 11128 ||| Stepping ~*~*~tactically~*~*~ (retreating).
 11129 | Lair:3   | 11129 ||| Stepping ~*~*~tactically~*~*~ (retreating).
 11130 | Lair:3   | 11130 ||| Stepping ~*~*~tactically~*~*~ (retreating).
 11131 | Lair:3   | 11131 ||| Stepping ~*~*~tactically~*~*~ (retreating).
 11132 | Lair:3   | 11132 ||| INVOKING Heroism.
 11149 | Lair:3   | HP: 15/82 [torpor snail (15)]
 11150 | Lair:3   | 11150 ||| READING scroll of teleportation.
 11151 | Lair:3   | 11151 ||| DRINKING potion of heal wounds.
 11152 | Lair:3   | HP: 7/82 [yak (11)]
 11488 | Lair:3   | 11488 ||| FLEEEEING.
 11489 | Lair:3   | 11489 ||| FLEEEEING.
 11490 | Lair:3   | 11490 ||| FLEEEEING.
 11491 | Lair:3   | 11491 ||| FLEEEEING.
 11493 | Lair:3   | 11493 ||| FLEEEEING.
 11494 | Lair:3   | 11494 ||| STAIRDANCE
 11598 | Lair:3   | 11598 ||| STAIRDANCE
 11641 | Lair:3   | 11641 ||| STAIRDANCE
 11643 | Lair:2   | 11643 ||| INVOKING Heroism.
 11657 | Lair:3   | 11657 ||| STAIRDANCE
 11659 | Lair:2   | 11659 ||| Stepping ~*~*~tactically~*~*~ (retreating).
 11664 | Lair:2   | 11664 ||| Stepping ~*~*~tactically~*~*~ (retreating).
 11665 | Lair:2   | 11665 ||| Stepping ~*~*~tactically~*~*~ (retreating).
 11666 | Lair:2   | 11666 ||| Stepping ~*~*~tactically~*~*~ (retreating).
 11667 | Lair:2   | 11667 ||| Stepping ~*~*~tactically~*~*~ (retreating).
 11668 | Lair:2   | 11668 ||| Stepping ~*~*~tactically~*~*~ (retreating).
 11670 | Lair:2   | 11670 ||| Stepping ~*~*~tactically~*~*~ (retreating).
 11678 | Lair:2   | 11678 ||| INVOKING Heroism.
 11790 | Lair:3   | Identified the +5 dagger "Qoirom" {vamp, rElec}
 11916 | Lair:3   | 11916 ||| Stepping ~*~*~tactically~*~*~ (water).
 11925 | Lair:3   | 11925 ||| INVOKING Heroism.
 11933 | Lair:3   | Reached skill level 6 in Armour
 12031 | Lair:3   | 12031 ||| INVOKING Heroism.
 12092 | Lair:3   | 12092 ||| INVOKING Heroism.
 12229 | Lair:3   | 12229 ||| FLEEEEING.
 12230 | Lair:3   | 12230 ||| FLEEEEING.
 12231 | Lair:3   | 12231 ||| FLEEEEING.
 12233 | Lair:3   | 12233 ||| INVOKING Heroism.
 12570 | Lair:4   | 12570 ||| INVOKING Heroism.
 12595 | Lair:4   | 12595 ||| Stepping ~*~*~tactically~*~*~ (retreating).
 12636 | Lair:4   | Reached skill level 12 in Fighting
 12640 | Lair:4   | 12640 ||| INVOKING Heroism.
 12643 | Lair:4   | 12643 ||| RETREATING.
 12652 | Lair:4   | 12652 ||| Stepping ~*~*~tactically~*~*~ (retreating).
 12653 | Lair:4   | 12653 ||| Stepping ~*~*~tactically~*~*~ (retreating).
 12654 | Lair:4   | 12654 ||| Stepping ~*~*~tactically~*~*~ (retreating).
 12655 | Lair:4   | 12655 ||| Stepping ~*~*~tactically~*~*~ (retreating).
 12657 | Lair:4   | 12657 ||| Stepping ~*~*~tactically~*~*~ (retreating).
 12658 | Lair:4   | 12658 ||| Stepping ~*~*~tactically~*~*~ (retreating).
 12659 | Lair:4   | 12659 ||| Stepping ~*~*~tactically~*~*~ (retreating).
 12666 | Lair:4   | 12666 ||| Stepping ~*~*~tactically~*~*~ (retreating).
 12672 | Lair:4   | 12672 ||| Stepping ~*~*~tactically~*~*~ (retreating).
 12687 | Lair:4   | 12687 ||| INVOKING Heroism.
 12804 | Lair:4   | 12804 ||| FLEEEEING.
 12805 | Lair:4   | 12805 ||| STAIRDANCE
 12958 | Lair:4   | Gained mutation: Your large and strong wings let you fly.
                  | [Gargoyle growth]
 12958 | Lair:4   | Reached XP level 14. HP: 92/92 MP: 21/21
 12961 | Lair:4   | 12961 ||| Stepping ~*~*~tactically~*~*~ (retreating).
 12962 | Lair:4   | 12962 ||| Stepping ~*~*~tactically~*~*~ (retreating).
 12963 | Lair:4   | 12963 ||| Stepping ~*~*~tactically~*~*~ (retreating).
 12964 | Lair:4   | 12964 ||| Stepping ~*~*~tactically~*~*~ (retreating).
 12965 | Lair:4   | 12965 ||| Stepping ~*~*~tactically~*~*~ (retreating).
 12966 | Lair:4   | 12966 ||| Stepping ~*~*~tactically~*~*~ (retreating).
 12967 | Lair:4   | 12967 ||| Stepping ~*~*~tactically~*~*~ (retreating).
 12972 | Lair:4   | 12972 ||| Stepping ~*~*~tactically~*~*~ (retreating).
 12973 | Lair:4   | 12973 ||| Stepping ~*~*~tactically~*~*~ (retreating).
 12974 | Lair:4   | 12974 ||| Stepping ~*~*~tactically~*~*~ (retreating).
 12975 | Lair:4   | 12975 ||| Stepping ~*~*~tactically~*~*~ (retreating).
 12976 | Lair:4   | 12976 ||| Stepping ~*~*~tactically~*~*~ (retreating).
 12983 | Lair:4   | 12983 ||| INVOKING Heroism.
 13002 | Lair:4   | 13002 ||| Stepping ~*~*~tactically~*~*~ (retreating).
 13002 | Lair:4   | HP: 12/92 [cane toad (17)]
 13003 | Lair:4   | 13003 ||| DRINKING potion of heal wounds.
 13004 | Lair:4   | 13004 ||| Stepping ~*~*~tactically~*~*~ (retreating).
 13005 | Lair:4   | 13005 ||| Stepping ~*~*~tactically~*~*~ (retreating).
 13006 | Lair:4   | 13006 ||| Stepping ~*~*~tactically~*~*~ (retreating).
 13007 | Lair:4   | 13007 ||| Stepping ~*~*~tactically~*~*~ (retreating).
 13008 | Lair:4   | 13008 ||| Stepping ~*~*~tactically~*~*~ (retreating).
 13013 | Lair:4   | HP: 23/92 [cane toad (10)]
 13033 | Lair:4   | HP: 20/94 [blink frog (9)]
 13034 | Lair:4   | 13034 ||| INVOKING Heroism.
 13036 | Lair:4   | HP: 9/94 [blink frog (12)]
 13040 | Lair:4   | Slain by a blink frog

Levels and vault maps discovered:
D:1:      dpeg_arrival_three_bigger_balls, layout_basic,
          ebering_ecumenical_altar_sacrificial
D:2:      layout_basic
D:3:      layout_basic
D:4:      wad_pebble_path, layout_basic, lemuel_zombie_altar_yredelemnul
D:5:      layout_basic, nicolae_ru_path_of_blood, minmay_temple_entry_hall
D:6:      layout_basic, moated_statue, minmay_manual_mares, uniq_pikel,
          uniq_grinder
D:7:      layout_basic
D:8:      minmay_polygon_palace, layout_basic, wad_dig_loot, uniq_erica
D:9:      layout_basic, lemuel_coloured_pillars_altar, lemuel_tele_altar,
          overflow_temple_1_default, enter_bailey_3, grunt_ministairs_11,
          minmay_starry_boxes
D:10:     layout_cave_pools, lair_entry_dummy, kennysheep_diamond, uniq_fannar
Temple:   sentei_temple_godly_chess
Lair:1:   layout_regular_city, uniq_nergalle
Lair:2:   layout_cellular_growth, nicolae_shoals_entry_flooding,
          spider_nest_entry_rubble
Lair:3:   cheibrodos_lair_river_kwai, layout_hall_layers, minivault_24,
          kilobyte_rumbling_trees, grunt_megastairs_1, lemuel_fruit_tree
Lair:4:   layout_regular_city, grunt_megastairs_4

Skill      XL: |  1  2  3  4  5  6  7  8  9 10 11 12 13 14 |
---------------+-------------------------------------------+-----
Ranged Weapons | 5 6 7 8 9 11 13 14 15 16 | 16.0
Fighting       | 3 4 5 7 9 10 12 13 | 13.0
Armour         | 1 2 3 4 5 6 |  6.2
Dodging        | 2 3 4 6 8 |  8.2
Invocations    | 4 5 10 | 10.0
Stealth        | |  1.1

Action                     |  1- 3 |  4- 6 |  7- 9 | 10-12 | 13-15 || total
---------------------------+-------+-------+-------+-------+-------++-------
   Fire: Shortbow          |    79 |   209 |   125 |       |       ||   413
         Orcbow            |       |       |   107 |   686 |   366 ||  1159
 Invoke: Heroism           |       |       |     6 |    25 |    16 ||    47
         Finesse           |       |       |       |       |     1 ||     1
    Use: Scroll            |     2 |    12 |     6 |     6 |     3 ||    29
         Potion            |       |       |     2 |     1 |     2 ||     5
 Armour: Leather armour    |     3 |       |       |       |       ||     3
         Ring mail         |       |    78 |    61 |   161 |    91 ||   391
  Dodge: Dodged            |    16 |    38 |    73 |   255 |   240 ||   622
  Block: Other             |       |    27 |    36 |    70 |    38 ||   171
         Reflection        |       |       |       |     1 |       ||     1

Table legend:
 A = Non-vault XP
 B = Vault XP
 C = Vault XP percentage of total XP
 D = Non-vault monster count
 E = Vault monster count
 F = Vault count percentage of total count
                 A         B        C        D         E       F
            +---------+---------+-------+---------+---------+-------
      Total |   43308 |   14517 |  25.1 |     326 |      61 |  15.8
            +---------+---------+-------+---------+---------+-------
        D:1 |      18 |       0 |   0.0 |      12 |       0 |   0.0
        D:2 |      67 |       0 |   0.0 |      19 |       0 |   0.0
        D:3 |      48 |       0 |   0.0 |      13 |       0 |   0.0
        D:4 |     285 |      54 |  15.9 |      27 |       2 |   6.9
        D:5 |     721 |       0 |   0.0 |      27 |       0 |   0.0
        D:6 |     717 |    1109 |  60.7 |      16 |       4 |  20.0
        D:7 |    2943 |       0 |   0.0 |      44 |       0 |   0.0
        D:8 |    1251 |    2548 |  67.1 |      24 |      17 |  41.5
        D:9 |    3443 |    2367 |  40.7 |      20 |      11 |  35.5
       D:10 |    2957 |     883 |  23.0 |      18 |       1 |   5.3
     Lair:1 |    2811 |     783 |  21.8 |      16 |       1 |   5.9
     Lair:2 |    8074 |     781 |   8.8 |      36 |       3 |   7.7
     Lair:3 |    6344 |    3836 |  37.7 |      19 |      16 |  45.7
     Lair:4 |   13629 |    2156 |  13.7 |      35 |       6 |  14.6
            +---------+---------+-------+---------+---------+-------
